 Dungeon Crawl Stone Soup version 0.18-a0-1186-gd02dc51 (webtiles) character file.

577 dvd the Magician (level 7, -7/37 HPs)
             Began as a Deep Elf Fire Elementalist on Jan 28, 2016.
             Mangled by a decayed bog body (24 damage)
             ... in an ossuary.
             The game lasted 00:22:48 (5436 turns).

dvd the Magician (Deep Elf Fire Elementalist)       Turns: 5436, Time: 00:22:49

Health: -7/37      AC:  3    Str:  5    XL:     7   Next: 13%
Magic:  0/17       EV: 13    Int: 22    God:
Gold:   169        SH:  0    Dex: 13    Spells: 4 memorised, 7 levels left

rFire  . . .     SeeInvis .     p - +0 dagger
rCold  + + .     Gourm    .     a - +0 robe
rNeg   . . .     Faith    .     (no shield)
rPois  .         Spirit   .     (no helmet)
rElec  .         Dismiss  +     (no cloak)
rCorr  +         Reflect  .     (no gloves)
SustAt .         Harm     .     g - +0 pair of boots
MR     .....                    j - amulet of dismissal
Stlth  ++........               e - ring of resist corrosion
                                d - ring of protection from cold

@: very slightly contaminated, not resistant to hostile enchantments, unstealthy
A: clumsy 1, cold resistance 1, wild magic 1
a: no special abilities


You were in an ossuary.
You were not hungry.

You visited 1 branch of the dungeon, and saw 4 of its levels.
You also visited: Sewer and Ossuary.

You collected 169 gold pieces.

Inventory:

Hand Weapons
 p - a +0 dagger (weapon)
Armour
 a - a +0 robe (worn)
 g - a +0 pair of boots (worn)
 y - a +2 leather armour of cold resistance
Jewellery
 d - a ring of protection from cold (left hand)
 e - a ring of resist corrosion (right hand)
 j - an amulet of dismissal (around neck)
Scrolls
 f - a scroll of enchant weapon {unknown}
 i - a scroll of identify
 k - a scroll of noise
 q - a scroll of random uselessness {unknown}
 t - a scroll of remove curse
 u - 2 scrolls of amnesia {unknown}
 z - a scroll of teleportation {unknown}
 A - a scroll of recharging {unknown}
Potions
 l - a potion of berserk rage {unknown}
 n - 7 potions of curing
 s - 2 potions of flight
 v - 2 potions of heal wounds
 w - a potion of brilliance
 x - a potion of resistance {unknown}
Books
 b - a book of Flames

   Spells                             Type                      Level
   a - Flame Tongue                   Conjuration/Fire             1
   b - Throw Flame                    Conjuration/Fire             2
   c - Conjure Flame                  Conjuration/Fire             3
   d - Inner Flame                    Hexes/Fire                   3
   e - Sticky Flame                   Conjuration/Fire             4
   f - Fireball                       Conjuration/Fire             5
Comestibles
 c - 2 bread rations
 h - a beef jerky
 m - a meat ration
 r - 3 fruits


   Skills:
 + Level 0.4 Fighting
 + Level 3.5 Dodging
 + Level 3.6 Stealth
 + Level 5.8 Spellcasting
 + Level 4.6 Conjurations
 + Level 5.3 Fire Magic


You had 7 spell levels left.
You knew the following spells:

 Your Spells              Type           Power        Failure   Level  Hunger
a - Flame Tongue          Conj/Fire      #####        4%          1    None
b - Throw Flame           Conj/Fire      #####.       5%          2    None
c - Sticky Flame          Conj/Fire      #####...     26%         4    ####...
d - Inner Flame           Hex/Fire       ####....     22%         3    ##.....


Dungeon Overview and Level Annotations

Branches:
Dungeon (4/15)
 Temple: D:4-7

Altars:
Ashenzari
Dithmenos
Nemelex Xobeh
Okawaru
Sif Muna
Yredelemnul

Shops:
D:4 ?


Innate Abilities, Weirdness & Mutations

You are clumsy. (Dex -2)
Your flesh is cold resistant.
Your spells are a little harder to cast, but a little more powerful.


Message History

Read which item? (? for menu, Esc to quit)
Blink to where?
Press: ? - help, Dir - move target cursor, p - mummy
As you read the scroll labeled WEVOGI DUSA, it crumbles to dust.
It was a scroll of blinking.
You close the door.
A decayed bog body opens the door.
Casting: Flame Tongue
Confirm with . or Enter, or press ? or * to list all spells.
Aiming: Flame Tongue
Press: ? - help, Shift-Dir - straight line, f - mummy
Aim: a mummy (heavily damaged)
The flame tongue hits the mummy.
The mummy is burned terribly!
You destroy the mummy!
Read which item? (? for menu, Esc to quit)
As you read the scroll labeled QAFESA CUTAY, it crumbles to dust.
You feel blessed for a moment.
It was a scroll of remove curse.
The decayed bog body hits you!!
Ouch! That really hurt!
You die...

### #@#
.#'#+#n#+#+#
≈..n.......+
'##'##
#.#...# #
#.∩.# #∩..#
#####


You could see a decayed bog body.

Vanquished Creatures
  An ogre (D:4)
  2 big kobolds (Sewer)
  A bog body (Ossuary)
  A giant frog skeleton (D:4)
  An iguana (D:4)
  2 worker ants (D:4)
  4 mummies (Ossuary)
  2 worker ant zombies (Ossuary)
  5 adders
  2 oozes
  An adder zombie (Ossuary)
  2 worms
  5 giant geckos
  4 orcs
  5 giant cockroaches
  8 goblins
  5 hobgoblins
  17 kobolds
  10 ball pythons
  7 bats
  A giant gecko zombie (Ossuary)
  4 giant newts
  A quokka zombie (Ossuary)
  8 rats
99 creatures vanquished.

Vanquished Creatures (others)
  A withered plant (Ossuary)
1 creature vanquished.

Grand Total: 100 creatures vanquished

Notes
Turn   | Place    | Note
--------------------------------------------------------------
     0 | D:1      | dvd the Deep Elf Fire Elementalist began the quest for the Orb.
     0 | D:1      | Reached XP level 1. HP: 10/10 MP: 6/6
   511 | D:1      | Reached XP level 2. HP: 15/15 MP: 5/8
   515 | D:1      | Learned a level 2 spell: Throw Flame
  1430 | D:2      | Reached XP level 3. HP: 19/19 MP: 2/10
  1794 | D:2      | Reached skill level 4 in Fire Magic
  1977 | D:3      | Found a deep blue altar of Sif Muna.
  1977 | D:3      | Found an iron altar of Okawaru.
  1979 | D:3      | Found a shattered altar of Ashenzari.
  2079 | D:3      | Reached XP level 4. HP: 24/24 MP: 9/11
  2322 | D:3      | Found a glowing drain.
  2385 | Sewer    | Entered a sewer
  2590 | Sewer    | Learned a level 4 spell: Sticky Flame
  2675 | Sewer    | Noticed a big kobold
  2675 | Sewer    | Noticed a big kobold
  2689 | Sewer    | Killed a big kobold
  2689 | Sewer    | Reached XP level 5. HP: 12/28 MP: 5/13
  2816 | Sewer    | HP: 1/28 [poisoned by a kobold]
  3563 | Sewer    | Learned a level 3 spell: Inner Flame
  3611 | Sewer    | Gained mutation: Your flesh is cold resistant. [potion of mutation]
  3611 | Sewer    | Gained mutation: Your spells are a little harder to cast, but a little more powerful. [potion of mutation]
  3611 | Sewer    | Gained mutation: You are clumsy. (Dex -2) [potion of mutation]
  3731 | D:3      | Found a basalt altar of Yredelemnul.
  3770 | D:3      | Found a shadowy altar of Dithmenos.
  4546 | D:4      | Reached XP level 6. HP: 32/32 MP: 8/15
  4587 | D:4      | Reached skill level 5 in Spellcasting
  4617 | D:4      | Reached skill level 5 in Fire Magic
  4832 | D:4      | Found a sparkling altar of Nemelex Xobeh.
  4993 | D:4      | Found Rutwow's Magic Scroll Emporium.
  5161 | D:4      | Found a sand-covered staircase.
  5168 | Ossuary  | Entered an ossuary
  5241 | Ossuary  | Reached XP level 7. HP: 20/36 MP: 6/17
  5436 | Ossuary  | Mangled by a decayed bog body

Vault maps used:
D:1:      minmay_arrival_five_plusses
D:2:      st_stairs_11, minmay_shallow_snake_nest
D:3:      grunt_dithmenos_smoke, nicolae_overflow_hidden_temple, first_bread,
          gup_sewer_entry_bubbles, yredelemnul_altar_generic
D:4:      kennysheep_mini, fedhas_altar_fruit_tree, serial_shops, shop,
          enter_ossuary_3
Sewer:    kennysheep_pipe_town
Ossuary:  ossuary_zaba_flooded

Action                   |  1- 3 |  4- 6 |  7- 9 || total
-------------------------+-------+-------+-------++-------
Melee: Unarmed           |     3 |       |       ||     3
       Dagger            |       |    19 |     2 ||    21
 Cast: Flame Tongue      |    37 |    49 |    19 ||   105
       Throw Flame       |    24 |    51 |       ||    75
       Sticky Flame      |       |     3 |     2 ||     5
       Inner Flame       |       |     1 |       ||     1
  Use: Potion            |       |    11 |       ||    11
       Scroll            |       |     1 |     3 ||     4
 Stab: Sleeping          |     1 |     3 |       ||     4
  Eat: Chunk             |     4 |     9 |     1 ||    14
       Beef jerky        |       |     1 |       ||     1
